Cogmind - Beta 9.4 *** ADVENTURER MODE // 2020.06.17 @ 16:54:42 Player: Scyralis Result: Self-destructed Performance ------------- Evolutions (2) 1000 Regions Visited (4) 800 Robots Destroyed (85) 425 Value Destroyed (1444) 1444 Prototype IDs (4) 80 Alien Tech Used (0) 0 Bonus (2) 2 TOTAL SCORE: 3751 Bonus ------- High Alert Combat Kills 2 Cogmind --------- Core Integrity 356/550 Matter 246/300 Energy 89/100 System Corruption 1% Temperature Cool (0) Movement Core (50) Location -8/Materials Parts ------- > --- POWER (2) -------- (None) > --- PROPULSION (3) --- (None) > --- UTILITY (4) ------ Improved Heat Sink Visual Processing Unit Advanced Signal Interpreter > --- WEAPON (2) ------- Improved Datajack > --- INVENTORY (4) ---- Recoil Stabilizer Hardlight Generator Tractor Beam Peak State ------------ > --- POWER ------------ Ion Engine Light Angular Momentum Engine > --- PROPULSION ------- Light Treads > --- UTILITY ---------- Improved Heat Sink Medium Matter Pod Visual Processing Unit Advanced Signal Interpreter > --- WEAPON ----------- Light Assault Rifle Katana > --- INVENTORY -------- Recoil Stabilizer Hardlight Generator Tractor Beam Improved Datajack [Rating: 21] Favorites ----------- Power Ion Engine Engine Ion Engine Propulsion Light Treads Treads Light Treads Leg Aluminum Leg Utility Medium Matter Pod Device Improved Terrain Scanner Storage Medium Matter Pod Processor Signal Interpreter Protection Hardened Medium Armor Plating Weapon Katana Energy Gun Particle Gun Ballistic Gun Light Assault Rifle Slashing Weapon Katana Special Melee Weapon Improved Datajack Build | -11 -10 -9 -9 -8 ------- Run | Scr Mat Mat Min Mat Slots Evolved 4 | . . 2 . 2 Power 1 | . . . . 1 Propulsion 1 | . . . . 1 Utility 2 | . . 2 . . Weapon . | . . . . . Parts Attached 33 | 7 4 13 5 4 Power 5 | 1 1 2 . 1 Engine 5 | 1 1 2 . 1 Core . | . . . . . Reactor . | . . . . . Propulsion 6 | 2 . 3 1 . Treads 4 | 2 . 1 1 . Leg 2 | . . 2 . . Wheel . | . . . . . Hover . | . . . . . Flight . | . . . . . Utility 12 | 2 1 6 2 1 Device 4 | 1 . 1 2 . Storage 1 | . 1 . . . Processor 5 | 1 . 3 . 1 Hackware . | . . . . . Protection 2 | . . 2 . . Artifact . | . . . . . Weapon 10 | 2 2 2 2 2 Energy Gun 2 | 1 . 1 . . Energy Cannon . | . . . . . Ballistic Gun 6 | 1 2 . 2 1 Ballistic Cannon . | . . . . . Launcher . | . . . . . Special Weapon . | . . . . . Impact Weapon . | . . . . . Slashing Weapon 1 | . . 1 . . Piercing Weapon . | . . . . . Special Melee Weapon 1 | . . . . 1 Unidentified Prototypes . | . . . . . Parts Lost 19 | . 4 6 2 7 Power 3 | . 1 . . 2 Propulsion 5 | . 1 2 1 1 Utility 4 | . . 3 . 1 Weapon 7 | . 2 1 1 3 Highest Loss Streak 7 | . 2 3 1 7 Average Slot Usage (%) 89 | . 83 93 95 69 Engine 11 | . 12 11 11 12 Treads 9 | . 20 9 5 5 Leg 7 | . . 9 11 . Device 10 | . 14 9 11 9 Storage 10 | . 9 11 11 7 Processor 13 | . 4 11 22 18 Protection 4 | . . 11 . . Energy Gun 2 | . 2 4 1 . Ballistic Gun 9 | . 18 5 9 8 Slashing Weapon 8 | . . 10 11 6 Naked Turns . | . . . . . Heaviest Build 24 | 10 11 24 13 20 Greatest Support 40 | 40 40 40 20 20 Greatest Overweight (x) 5 | . . 5 1 4 Average Overweight (x) . | . . . . . Largest Inventory Capacity 4 | 4 4 4 4 4 Average Capacity 4 | 4 4 4 4 4 Most Carried 4 | 2 2 4 4 4 Average Carried 1 | . . 1 2 3 Final Capacity 4 | 4 4 4 4 4 Final Carried 3 | 1 1 2 3 3 Class Distribution -------------------- 62% | Scavenger-Mutant 37% | Mutant Dominant Class ---------------- Mutant | -10/Materials Mutant | -9/Materials Scavenger-Mutant | -9/Mines Scavenger-Mutant | -8/Materials Resources | -11 -10 -9 -9 -8 ----------- Run | Scr Mat Mat Min Mat Matter Collected 777 | 291 257 161 63 5 Remotely . | . . . . . Salvage Created 2745 | 234 382 1224 785 120 Parts 161 | 18 22 72 46 3 Haulers Intercepted 1 | . . 1 . . Recyclers Shooed 8 | 1 1 4 2 . Parts Field Recycled . | . . . . . Retrieved Matter . | . . . . . Parts Self-Destructed . | . . . . . Prevented . | . . . . . Kills | -11 -10 -9 -9 -8 ------- Run | Scr Mat Mat Min Mat Combat Hostiles Destroyed 39 | . 9 17 11 2 Melee 22 | . . 12 9 1 Guns 13 | . 9 1 2 1 AOE 4 | . . 4 . . Classes Destroyed 10 | 3 2 5 . . Worker 15 | 2 2 3 8 . Builder 6 | . . 5 1 . Tunneler 11 | 5 . 2 4 . Hauler 1 | . . 1 . . Recycler 9 | 1 . 5 3 . Watcher 4 | . . 4 . . Swarmer 13 | . 3 4 6 . Grunt 23 | . 6 11 5 1 Brawler 1 | . . 1 . . Sentry 2 | . . 1 . 1 Best Kill Streak 11 | 4 4 11 8 1 Combat Bots Only 9 | . 4 9 3 1 Max Kills in Single Turn 6 | 1 1 6 1 1 Gunslinging . | . . . . . Exploded 4 | . . 4 . . Melee 1 | . . 1 1 1 Uniques/NPCs Destroyed . | . . . . . Combat | -11 -10 -9 -9 -8 -------- Run | Scr Mat Mat Min Mat Damage Taken 2432 | 4 591 1025 350 462 Core 623 | . 80 292 57 194 Absorbed by Shields . | . . . . . Core Remaining (%) 60 | 100 68 . 12 . Volleys Fired 141 | 13 60 35 15 18 Largest 2 | 2 2 1 1 1 Hottest 65 | 60 60 65 20 23 Shots Fired 159 | 20 71 35 15 18 Gun 159 | 20 71 35 15 18 Cannon . | . . . . . Launcher . | . . . . . Special . | . . . . . Kinetic 117 | 7 65 12 15 18 Thermal 23 | . . 23 . . Explosive . | . . . . . Electromagnetic 19 | 13 6 . . . Robot Hit Streak 17 | 7 12 6 7 17 Robot Miss Streak 3 | 3 2 2 1 . Penetration Max . | . . . . . Secondary Targets 1 | . 1 . . . Max Gunslinging Chain 1 | . 1 . . . Shots Hit Robots 236 | 13 57 78 62 26 Core Hits 111 | 9 22 41 32 7 Critical Hits 4 | . . 3 . 1 Critical Kills 2 | . . 2 . . Critical Parts Destroyed 2 | . . 1 . 1 Melee Attacks 133 | . . 67 53 13 Impact . | . . . . . Slashing 131 | . . 67 53 11 Piercing . | . . . . . Sneak Attacks 28 | . . 11 17 . Combat Hostiles . | . . . . . Follow-up Attacks . | . . . . . Damage Inflicted 7829 | 319 644 3634 2757 475 Guns 1610 | 208 642 418 91 251 Cannons . | . . . . . Explosions 1053 | 111 . 942 . . Melee 5164 | . . 2274 2666 224 Ramming 2 | . 2 . . . Kinetic 1076 | 39 572 123 91 251 Thermal 406 | 111 . 295 . . Explosive 942 | . . 942 . . Electromagnetic 239 | 169 70 . . . Impact . | . . . . . Slashing 5164 | . . 2274 2666 224 Piercing . | . . . . . Highest Corruption 1 | . . 1 1 1 Average Corruption 1 | . . 1 1 1 Corruption Purged . | . . . . . Effects 2 | . . . 2 . Targeting Errors 2 | . . . 2 . Overload Shots . | . . . . . Overflow Damage 1131 | 8 . 532 589 2 Projectiles . | . . . . . Explosions 187 | 8 . 179 . . Melee 944 | . . 353 589 2 Knockbacks . | . . . . . Impact . | . . . . . Kinetic . | . . . . . Secondary . | . . . . . Self-Inflicted Damage 185 | 4 . 181 . . Shots 3 | 1 . 2 . . Rammed 1 | . 1 . . . Targets Rammed 1 | . 1 . . . Kicked . | . . . . . Crushed . | . . . . . Highest Temperature 80 | 12 60 80 . . Average Temperature 18 | 12 21 17 . . Received Heat Transfer 1125 | . 261 486 117 261 Siege Activations . | . . . . . Robots Corrupted . | . . . . . Combat Hostiles . | . . . . . Parts Fried 1 | 1 . . . . Impact Corruptions . | . . . . . Robots Melted . | . . . . . Combat Hostiles . | . . . . . Parts Melted 3 | 1 . 2 . . Heat Transferred 853 | 150 . 703 . . Parts Sabotaged . | . . . . . Parts Stolen . | . . . . . Parts Stripped . | . . . . . Power Chain Reactions 2 | 2 . . . . Missiles Intercepted . | . . . . . Alert | -11 -10 -9 -9 -8 ------- Run | Scr Mat Mat Min Mat Peak Influence 437 | 40 173 437 364 124 Average Influence 156 | 17 95 169 238 102 Maximum Alert Level 2 | . . 2 1 . Low Security (%) 64 | 100 100 64 16 100 Level 1 34 | . . 32 83 . Level 2 1 | . . 2 . . Level 3 . | . . . . . Level 4 . | . . . . . Level 5 . | . . . . . High Security . | . . . . . Max Security . | . . . . . Squads Dispatched 6 | . 1 3 . 2 Investigation 6 | . 1 3 . 2 Extermination . | . . . . . Reinforcement . | . . . . . Assault . | . . . . . Garrison . | . . . . . Intercept . | . . . . . Construction Impeded . | . . . . . Haulers Reinforced . | . . . . . Stealth | -11 -10 -9 -9 -8 --------- Run | Scr Mat Mat Min Mat Distress Signals 3 | . . 3 . . Communications Jammed . | . . . . . Distress Signals . | . . . . . Times Spotted 57 | . 11 26 12 8 Peak Tracking Total 7 | . 5 7 4 7 Tactical Retreats 3 | . . 2 1 . Traps | -11 -10 -9 -9 -8 ------- Run | Scr Mat Mat Min Mat Traps Triggered 2 | . . 2 . . Indirectly . | . . . . . Trap Hack Attempts . | . . . . . Triggered . | . . . . . Disarmed . | . . . . . Reprogrammed . | . . . . . Reused . | . . . . . Traps Extracted . | . . . . . Installed . | . . . . . Triggered . | . . . . . Machines | -11 -10 -9 -9 -8 ---------- Run | Scr Mat Mat Min Mat Machines Disabled 7 | . . 5 1 1 Max in Single Turn 1 | . . 1 1 1 Machines Sabotaged . | . . . . . Garrisons Compromised . | . . . . . Overloaded Fab Kills . | . . . . . Fab Network Shutdowns . | . . . . . Hacking | -11 -10 -9 -9 -8 --------- Run | Scr Mat Mat Min Mat Machines Accessed 7 | . 2 3 . 2 Terminals 6 | . 2 2 . 2 Fabricators . | . . . . . Repair Stations . | . . . . . Recycling Units . | . . . . . Scanalyzers 1 | . . 1 . . Garrison Access . | . . . . . Total Hacks 29 | . 9 14 . 6 Successful 17 | . 7 7 . 3 Failed 12 | . 2 7 . 3 Catastrophic 1 | . . . . 1 Database Lockouts . | . . . . . Manual . | . . . . . Terminals 25 | . 9 10 . 6 Fabricators . | . . . . . Repair Stations . | . . . . . Recycling Units . | . . . . . Scanalyzers 4 | . . 4 . . Garrison Access . | . . . . . Terminal Hacks 13 | . 7 3 . 3 Prototype ID Bank 2 | . 1 . . 1 Level Access Points 2 | . . 1 . 1 Emergency Access Points 4 | . 2 1 . 1 Unreport Threat 1 | . 1 . . . Registered Components 1 | . 1 . . . Zone Layout 3 | . 2 1 . . Fabricator Hacks . | . . . . . Repair Station Hacks . | . . . . . Recycling Unit Hacks . | . . . . . Scanalyzer 4 | . . 4 . . Insert Component 2 | . . 2 . . Analyze 2 | . . 2 . . Garrison Access Hacks . | . . . . . Unauthorized Hacks . | . . . . . Terminals . | . . . . . Fabricators . | . . . . . Repair Stations . | . . . . . Recycling Units . | . . . . . Scanalyzers . | . . . . . Garrison Access . | . . . . . Data Cores Recovered . | . . . . . Used . | . . . . . Hacking Detections 6 | . 1 3 . 2 Full Trace Events 5 | . 1 2 . 2 Feedback Events 2 | . . 1 . 1 Corruption 2 | . . 1 . 1 Feedback Blocked . | . . . . . Robot Schematics Acquired . | . . . . . Robots Built . | . . . . . Matter . | . . . . . Time . | . . . . . Total Robot Build Rating . | . . . . . Part Schematics Acquired 2 | . . 2 . . Parts Built . | . . . . . Matter . | . . . . . Time . | . . . . . Total Part Build Rating . | . . . . . Parts Repaired . | . . . . . Time . | . . . . . Parts Recycled . | . . . . . Recycled Matter . | . . . . . Retrieved Matter . | . . . . . Retrieved Components . | . . . . . Parts Scanalyzed 2 | . . 2 . . Part Schematics Acquired 2 | . . 2 . . Parts Damaged . | . . . . . Bothacking | -11 -10 -9 -9 -8 ------------ Run | Scr Mat Mat Min Mat Used RIF Installer . | . . . . . Robots Hacked . | . . . . . Non-combat . | . . . . . Combat . | . . . . . Robot Hacks Applied . | . . . . . Relay Couplers Released . | . . . . . Robots Rewired . | . . . . . Allies Hacked . | . . . . . Hacks Repelled . | . . . . . Allies | -11 -10 -9 -9 -8 -------- Run | Scr Mat Mat Min Mat Total Allies . | . . . . . Largest Group . | . . . . . Highest-Rated Group . | . . . . . Highest-Rated Ally . | . . . . . Total Orders . | . . . . . Ally Attacks . | . . . . . Total Damage . | . . . . . Kills . | . . . . . Allies Corrupted . | . . . . . Allies Melted . | . . . . . Intel | -11 -10 -9 -9 -8 ------- Run | Scr Mat Mat Min Mat Robot Analysis Total . | . . . . . Derelict Logs Recovered 1 | . . . 1 . Drone Launches . | . . . . . Drone Recoveries . | . . . . . Exploration | -11 -10 -9 -9 -8 ------------- Run | Scr Mat Mat Min Mat Turns Passed 1883 | 139 325 698 513 208 Spaces Moved 758 | 60 118 261 241 78 Core 19 | 5 . 7 . 7 Treads 469 | 55 118 128 97 71 Legs 270 | . . 126 144 . Wheels . | . . . . . Hover . | . . . . . Flight . | . . . . . Fastest Speed 50 | 50 160 120 120 160 Average Speed 151 | 150 160 157 136 168 Slowest Speed 300 | 160 160 300 160 250 Overloaded Moves . | . . . . . Propulsion Burnouts . | . . . . . Robots Hopped . | . . . . . Cave-ins Triggered . | . . . . . Exploration Rate (%) 22 | 3 25 30 45 7 Regions Visited 4 Branch Regions 1 Pre-discovered Areas 1 | . . . 1 . Known Exits Taken 2 | . . 1 1 . Unknown Exits Taken 2 | 1 1 . . . Scrap Searched . | . . . . . Spaces Dug 13 | . . 10 . 3 Terrain Destroyed 62 | 5 . 54 . 3 Melee 13 | . . 10 . 3 Projectile . | . . . . . AOE 49 | 5 . 44 . . Actions | -11 -10 -9 -9 -8 --------- Run | Scr Mat Mat Min Mat Total 1144 | 89 187 414 335 119 Wait 32 | . . 20 12 . Move 754 | 59 117 260 240 78 Hop . | . . . . . Pick Up 39 | 9 4 15 6 5 Fast Attach . | . . . . . Attach 26 | 7 4 10 2 3 Detach . | . . . . . Swap 7 | . . 3 3 1 Drop 11 | 1 1 4 4 1 Fire 141 | 13 60 35 15 18 Melee 133 | . . 67 53 13 Ram . | . . . . . Kick . | . . . . . Crush 1 | . 1 . . . Escape Stasis . | . . . . . Rewire . | . . . . . Trap . | . . . . . Miscellaneous . | . . . . . Route ------- -11/Scrapyard -10/Materials -9/Materials (discovered 4 exits: Mat x3 / *Min) -9/Mines -8/Materials (discovered 3 exits: Fac x3) History --------- Turn | Location | Event 5 | -11/Scrapyard | Discovered new exit (range 14) 140 | -11/Scrapyard | Entered Materials 300 | -10/Materials | Build established: Mutant 374 | -10/Materials | Discovered new exit (range 12) 465 | -10/Materials | Entered another Materials area 465 | -9/Materials | Evolved 2 slots: Utility x2 819 | -9/Materials | Lost 3 parts (1n1u1w) 874 | -9/Materials | Destroyed 9 combat bots 1103 | -9/Materials | Discovered new exit (range 12) 1145 | -9/Materials | Core integrity fell below 50% 1153 | -9/Materials | Identified exit to Materials 1162 | -9/Materials | Identified exit to Mines 1163 | -9/Materials | Entered Mines 1167 | -9/Mines | Build established: Scavenger-Mutant 1194 | -9/Mines | Met a Derelict bent on vengeance 1382 | -9/Mines | Core integrity fell below 20% 1618 | -9/Mines | Discovered exit to Materials (range 10) 1676 | -9/Mines | Entered Materials 1676 | -8/Materials | Evolved 2 slots: Power x1, Propulsion x1 1776 | -8/Materials | Identified exit to Factory 1884 | -8/Materials | Self-destructed Last Messages --------------- 01820_ Lgt. Assault Rifle destroyed. 01822_ Beam Rifle severed. 01827_ Destroyed Heat Sink. 01830_ Y-45 Defender destroyed. 01831_ Acquired 5 matter. 01836_ Katana destroyed. 01838_ Jacked G-50 Soldier... 01840_ Med. Matter Pod destroyed. 01842_ Acquired Hvy. Assault Rifle. 01851_ R-06 Scavenger collects Beam Rifle. 01858_ Lgt. Angular Momentum Engine destroyed. 01861_ G-50 Soldier destroyed. 01862_ K-01 Serf collects debris. 01868_ U-05 Engineer builds a Wall. 01873_ G-47 Trooper suffers critical hit. 01873_ Destroyed Lgt. Nuclear Core. 01874_ G-47 Trooper destroyed. 01882_ R-06 Scavenger collects Carbon-fiber Leg. 01882_ Hvy. Assault Rifle destroyed. 01883_ Jacked G-47 Trooper... Map ----- +----------------------------------------------------+ | | | | | ?????????????????????????????????????????????????? | | ?????????????????????????????????????????????????? | | ?????????????????+???????????????????????????????? | | ?????????????????????????????????????????????????? | | ?????????????????????????????????????????????????? | | ?????????????????????????????????????????????????? | | ?????????????????????????????????????????????????? | | ???????????????????#+#???????????????????????????? | | ??????????????????? ???????????????????????????? | | ??????????????????? ???????????????????????????? | | ??????????????????? ???????????????????????????? | | ??????????????????? ???????????????????????????? | | ??????????????????? ???????????????????????????? | | ???????????????????# #???????????????????????????? | | ???????????????????# #???????#####???????????????? | | ???????????????????# #???????# ###########?????? | | ???????????????????# #???????# # #?????? | | ?????????????????### ###?????# # #?????? | | ?????????????????# ####### # #?????? | | ?????????????????# # #?????? | | ?????????????????# T + #?????? | | ?????????????????# ggg # #?????? | | ?????????????????# ###g### # #?????? | | ??????????????######+####@r # # #?????? | | ??????????????# #% # ####+######?????? | | ??????????????# #%! # #??# #??????????? | | ??????????????# """ #= # #??#+#??????????? | | ??????????????# """ # # #??###??????????? | | ??????????????# """ ! # # #???????????????? | | ??????????????# # # #???????????????? | | ??????????????# | # # #???????????????? | | ??????????????# # # #???????????????? | | ??????????????################ ???????????????? | | ????????????????????????###??# #???????????????? | | ?????????????????????????????# #???????????????? | | ?????????????????????????????# #???????????????? | | ?????????????????????????????? ????????????????? | | ?????????????????????????????? ????????????????? | | ?????????????????????????????????????????????????? | | ?????????????????????????????????????????????????? | | ?????????????????????????????????????????????????? | | ?????????????????????????????????????????????????? | | ?????????????????????????????????????????????????? | | ?????????????????????????????????????????????????? | | ?????????????????????????????????????????????????? | | ?????????????????????????????????????????????????? | | ?????????????????????????????????????????????????? | | ?????????????????????????????????????????????????? | +----------------------------------------------------+ Best States ------------- Heat Dissipation 45 Energy Generation 23 Energy Capacity 300 Matter Stores 400 Matter Capacity 400 Sight Range 18 Terrain Scan Range 16 Terrain Scan Density 60 Armor Coverage 450 Resistance: KI 20 Resistance: TH 20 Resistance: EX 20 Resistance: EM 20 Resistance: I 20 Resistance: S 20 Resistance: P 20 Evasion (%) 40 Recoil Reduction 2 Offensive Hacking 10 Item Schematics ----------------- Ion Engine | -9/Materials | Scanalyzed Recoil Stabilizer | -9/Materials | Scanalyzed Robot Schematics ------------------ None Fabricated ------------ Nothing Alien Tech Used ----------------- None Achievements -------------- None Challenges ------------ None Game ------ Seed LargeSurgeMapper Manual? 0 Play Time 00:14:58 Cumulative 37.0 hours Start 2020.06.17 @ 16:41:17 End 2020.06.17 @ 16:54:42 Sessions 1 Manual Loads 0 Difficulty Adventurer Special Mode None Game No. 36 Rogue 0 Adventurer 36 Explorer 0 Win Type - Total 0 Types 0/0/0/0/0/0/0 Lore% 16 Gallery% 39 Achievement% 26 Wizard Run 0 Options --------- ASCII 0 Keyboard 0 Movement Numpad Keybinds 0 Fullscreen 0 Font 12/Smallcaps Map View 83x54 Tactical HUD 1 Map Filters NONE Filters NONE Steam X RUN: 19b87a52-01d7-46f2-a576-28a50881166c